AoeStats
← GAX | Urubu

Nomad

509258602Analyzed
4v4 RM · 7d ago on Sep 26, 2026· 46m 42s· 8 players
Game mode
Random Map
Map size
231×231
Population
200
Speed
Normal
Resources
Standard
Victory
Conquest
Starting age
Dark Age
Ending age
Imperial Age
RankedLock teamsTeams togetherTeam positionsShared explorationLock speedFull tech treeHidden civsTurbo modeCheats
Victory
Defeat
🇧🇷 Vietnamese · Brazil
1589
+9
🇧🇷 Persians · Brazil
1528
+12
🇧🇷 Varangians · Brazil
1435
+15
🇧🇷 Wei · Brazil
1404
+16
🇻🇳 Spanish · Vietnam
1439
-14
🇦🇷 Maya · Argentina
1426
-13
🇹🇷 Bohemians · Türkiye
1423
-13
🇲🇽 Italians · Mexico
1410
-12
Lothwen
9:21 Loom
12:43 Feudal Age
17:14 Castle Age
17:35 Double-Bit Axe
21:58 Fletching
25:26 Redemption
32:28 Sanctity
32:35 Fervor
36:09 Imperial Age
37:28 Conscription
37:26 Block Printing
39:11 Chemistry
41:05 Illumination
41:19 Theocracy
Ziton127
13:51 Feudal Age
17:44 Castle Age
16:05 Stone Mining
17:52 Loom
22:30 Double-Bit Axe
23:52 Fletching
25:57 Bodkin Arrow
dustbin
4:12 Loom
13:23 Feudal Age
18:10 Castle Age
16:21 Double-Bit Axe
19:13 Bow Saw
20:39 Padded Archer Armor
26:00 Horse Collar
27:49 Husbandry
30:28 Bloodlines
31:58 Wheelbarrow
32:04 Gold Mining
35:25 Stone Mining
36:51 Leather Archer Armor
too old for this new shit
5:31 Loom
14:58 Feudal Age
18:47 Castle Age
16:47 Double-Bit Axe
16:43 Horse Collar
17:17 Fletching
17:27 Padded Archer Armor
19:57 Bodkin Arrow
20:13 Bow Saw
22:13 Town Watch
23:03 Wheelbarrow
32:31 Imperial Age
31:47 Fishing Lines
32:25 Gold Mining
33:03 Leather Archer Armor
33:13 Bracer
33:54 Ballistics
35:17 Chemistry
35:52 Ring Archer Armor
36:17 Heavy Plow
37:18 Two-Man Saw
37:05 Conscription
37:39 Hul'che Javelineers
38:35 Elite Skirmisher
GAX | B.Trufa
3:33 Loom
12:13 Feudal Age
12:56 Double-Bit Axe
19:56 Fishing Lines
25:37 Castle Age
27:27 Wheelbarrow
27:37 Bow Saw
28:38 Town Watch
31:34 Imperial Age
29:05 Stone Mining
30:00 Fletching
30:27 Scale Barding Armor
30:33 Forging
30:27 Gillnets
31:23 Gold Mining
31:50 Bloodlines
32:14 Husbandry
31:47 Cavalier
34:19 Two-Man Saw
35:11 Vendel Legacy
38:10 Chain Barding Armor
37:47 Horse Collar
39:14 Iron Casting
41:20 Plate Barding Armor
43:24 Conscription
GAX | Soldado_Medeiros
4:59 Loom
11:54 Feudal Age
16:50 Castle Age
14:54 Horse Collar
15:46 Double-Bit Axe
16:13 Fletching
16:14 Gold Mining
18:04 Bow Saw
23:45 Bodkin Arrow
29:02 Devotion
30:48 Wheelbarrow
29:58 Town Watch
35:05 Town Watch
35:58 Gold Shaft Mining
35:14 Stone Mining
35:26 Heavy Plow
35:48 Elite Skirmisher
42:21 Imperial Age
41:31 Light Cavalry
42:22 Bloodlines
42:12 Husbandry
42:51 Hussar
43:48 Hussar
45:48 Scale Barding Armor
45:54 Forging
47:30 Chain Barding Armor
47:46 Iron Casting
GAX | Urubu
5:21 Loom
13:18 Feudal Age
17:35 Castle Age
16:02 Double-Bit Axe
16:44 Horse Collar
19:08 Medium Warships
20:59 Wheelbarrow
22:08 Stone Mining
22:09 Gold Mining
23:32 Bow Saw
25:35 Fletching
27:13 Bodkin Arrow
27:19 Padded Archer Armor
28:53 Leather Archer Armor
33:59 Imperial Age
33:37 Ballistics
34:04 Hand Cart
34:26 Stone Shaft Mining
34:40 Bracer
38:12 Elite Rattan Archer
42:02 Ring Archer Armor
43:56 Spies/Treason
GAX | Dattatreyaa
5:15 Loom
12:19 Feudal Age
12:48 Double-Bit Axe
19:25 Castle Age
17:20 Fishing Lines
18:19 Gold Mining
19:16 Forging
20:33 Iron Casting
20:07 Scale Barding Armor
20:47 Iron Casting
21:34 Wheelbarrow
21:35 Bow Saw
22:22 Bloodlines
24:08 Husbandry
27:24 Chain Barding Armor
29:08 Elite Skirmisher
29:40 Fletching
33:21 Padded Archer Armor
36:22 Horse Collar
38:02 Bodkin Arrow
41:02 Ballistics
42:19 Heavy Plow
45:52 Imperial Age
46:05 Imperial Age
44:54 Leather Archer Armor
45:54 Cavalier
Connection lost

Rejoining the realm…

Still unreachable

The connection could not be restored.

Session expired

The server has moved on; the page needs a fresh start.